 Dungeon Crawl Stone Soup version 0.23.1-37-gaa34b87 (webtiles) character file.

Game seed: 493214888295820435

8372 dhn the Cleaver (level 11, -5/95 HPs)
             Began as a Minotaur Fighter on Mar 26, 2019.
             Slain by a white ugly thing (29 damage)
             ... on level 1 of the Lair of Beasts.
             The game lasted 00:12:54 (9230 turns).

dhn the Cleaver (Minotaur Fighter)                  Turns: 9230, Time: 00:12:55

Health: -5/95      AC: 15    Str: 21    XL:     11   Next: 9%
Magic:  10/10      EV: 10    Int:  7    God:
Gold:   596        SH: 11    Dex: 11    Spells: 7/10 levels left

rFire    + + .     SeeInvis .   j - +4 war axe of Qazlal's Hope {freeze, rF++ MR+}
rCold    . . .     Gourm    .   c - +0 shield
rNeg     . . .     Faith    .   g - +0 plate armour
rPois    .         Spirit   .   (helmet restricted)
rElec    .         Reflect  .   B - +0 cloak
rCorr    .         Harm     .   (no gloves)
MR       +....                  (no boots)
Stlth    ..........             (no amulet)
HPRegen  0.25/turn              (no ring)
MPRegen  0.12/turn              x - +4 ring of evasion

@: no status effects
A: retaliatory headbutt, horns 2
a: no special abilities


You were on level 1 of the Lair of Beasts.
You were not hungry.

You visited 2 branches of the dungeon, and saw 10 of its levels.
You also visited: Ice Cave.

You collected 596 gold pieces.

Inventory:

Hand Weapons
 a - a +0 war axe
 j - the +4 war axe of Qazlal's Hope (weapon) {freeze, rF++ MR+}
   (You found it on level 4 of the Dungeon)

   It has been specially enchanted to freeze those struck by it, causing extra
   injury to most foes and up to half again as much damage against particularly
   susceptible opponents.
   It can also slow down cold-blooded creatures.
   It greatly protects you from fire.
   It affects your resistance to hostile enchantments.
Armour
 b - a +0 scale mail
 c - a +0 shield (worn)
 g - a +0 plate armour (worn)
 B - a +0 cloak (worn)
Jewellery
 p - an uncursed ring of fire
 x - a +4 ring of evasion (right hand)
Wands
 s - a wand of flame (9)
 A - a wand of digging (5)
 E - a wand of paralysis (4)
Scrolls
 e - a scroll of identify
 h - 4 scrolls of teleportation
 i - 7 scrolls of remove curse
 k - 4 scrolls of magic mapping
 l - 2 scrolls of enchant weapon {unknown}
 n - 2 scrolls of immolation {unknown}
 v - 4 scrolls of amnesia {unknown}
 w - 3 scrolls of enchant armour {unknown}
 y - a scroll of fog {unknown}
 z - a scroll of noise {unknown}
Potions
 d - 4 potions of might
 m - 2 potions of agility {unknown}
 o - 4 potions of degeneration
 q - a potion of ambrosia {unknown}
 r - 2 potions of flight {unknown}
 t - 2 potions of brilliance {unknown}
 u - a potion of cancellation {unknown}
 C - a potion of magic {unknown}
 D - 2 potions of berserk rage {unknown}
Comestibles
 f - 17 rations


   Skills:
 + Level 8.9 Fighting
 + Level 13.1 Axes
 + Level 10.0 Armour
 + Level 1.5 Dodging
 + Level 3.2 Stealth
 + Level 9.1 Shields
 + Level 1.2 Evocations


You had 7 spell levels left.
You knew the following spells:

 Your Spells              Type           Power        Failure   Level  Hunger
a - Magic Dart            Conj           #...         100%        1    ##.....
b - Blink                 Tloc           N/A          100%        2    ###....

Your spell library contained the following spells:

 Spells                   Type           Power        Failure   Level  Hunger
 Call Imp                 Summ           #.......     100%        2    ###....
 Slow                     Hex            #.......     100%        2    ###....
 Conjure Flame            Conj/Fire      #.......     100%        3    ####...
 Mephitic Cloud           Conj/Pois/Air  #.......     100%        3    ####...


Dungeon Overview and Level Annotations

Branches:
Dungeon (9/15)             Temple (0/1) D:6            Lair (1/6) D:8
    Orc (0/2) D:9

Altars:
Fedhas
Qazlal

Shops:
D:5 [!

Annotations:
D:4 exclusion: oklob plant


Innate Abilities, Weirdness & Mutations

You reflexively headbutt those who attack you in melee.
You have a pair of horns on your head.


Message History

The ice statue glitters chillingly in the dim dungeon light.
Unknown command.
Unknown command.
You slash the white ugly thing! You freeze the white ugly thing.
The white ugly thing is lightly wounded.
You hit the ice beast. x2; You block the ice beast's attack.
The ice beast barely misses you. The white ugly thing bites you!
The white ugly thing freezes you!!
Unknown command.
The ice statue gestures.
You block the ice beast's attack.
The ice beast hits you but does no damage.
The white ugly thing bites you but does no damage.
Welcome back to the Lair of Beasts!
There is a collapsed entrance here.
A hippogriff comes into view.
You block the ice beast's attack. The white ugly thing bites you!
* * * LOW HITPOINT WARNING * * *
The white ugly thing freezes you!!
You die...

#.. ...#
#..#########...#####P
#................... .
#.....................
#...<................
#................#.#
#............#....#
#............#Y#...#
##..........#.Y@#
#...........#u#[.#
#............#......
#....................H
#...#######...........
..# ....##.###.# ..
#....# ## # ##...#
#...#


You could see a white ugly thing, a hippogriff and 2 ice beasts.

Vanquished Creatures
  A two-headed ogre (D:9)
  Maurice (D:8)
  Psyche (D:8)
  A spiny frog (D:8)
  A rime drake (D:8)
  A hornet (D:8)
  A hippogriff (D:8)
  A vampire (D:8)
  A wyvern (D:9)
  14 yaks
  Menkaure (D:5)
  2 soldier ants (D:8)
  2 orc warriors
  A porcupine (D:8)
  2 ice beasts
  3 sky beasts
  A black bear (D:5)
  A phantom (D:9)
  5 ogres
  2 centaurs
  2 bullfrogs
  A wyvern zombie (D:8)
  4 wights (D:8)
  4 killer bees
  2 howler monkeys
  4 crimson imps
  A bullfrog zombie (D:6)
  4 jellies
  5 orc priests
  A bullfrog skeleton (D:4)
  6 hounds
  A gnoll shaman (D:8)
  7 orc wizards
  An iguana (D:6)
  11 worker ants
  2 hound skeletons
  A howler monkey zombie (D:9)
  7 gnolls
  8 adders
  An adder zombie (D:4)
  A worm (D:3)
  A dart slug (D:3)
  6 leopard geckos
  19 orcs
  4 giant cockroaches
  6 goblins
  10 hobgoblins
  14 jackals
  3 kobolds
  A quokka (D:6)
  A ball python (D:6)
  8 bats
  4 frilled lizards
  A quokka skeleton (D:6)
  A quokka zombie (D:6)
  6 rats
202 creatures vanquished.

Vanquished Creatures (others)
  12 toadstools (D:4)
12 creatures vanquished.

Grand Total: 214 creatures vanquished

Notes
Turn   | Place    | Note
-------+----------+-------------------------------------------
     0 | D:1      | dhn the Minotaur Fighter began the quest for the Orb.
     0 | D:1      | Reached XP level 1. HP: 19/19 MP: 0/0
   223 | D:1      | Reached XP level 2. HP: 27/27 MP: 1/1
   395 | D:1      | Reached XP level 3. HP: 33/33 MP: 2/2
   992 | D:2      | Reached XP level 4. HP: 38/41 MP: 3/3
  1298 | D:3      | Reached skill level 3 in Axes
  1757 | D:3      | Reached XP level 5. HP: 42/47 MP: 4/4
  1763 | D:3      | Reached skill level 5 in Shields
  1838 | D:3      | Reached skill level 5 in Armour
  2140 | D:3      | Reached skill level 1 in Dodging
  2397 | D:4      | Reached skill level 4 in Axes
  2434 | D:4      | Noticed an ogre
  2442 | D:4      | Killed an ogre
  2442 | D:4      | Reached XP level 6. HP: 45/53 MP: 5/5
  2884 | D:4      | Found a blossoming altar of Fedhas.
  2896 | D:4      | Noticed an oklob plant
  2972 | D:5      | Entered Level 5 of the Dungeon
  3001 | D:5      | Reached skill level 5 in Axes
  3013 | D:5      | Learned a level 1 spell: Magic Dart
  3016 | D:5      | Learned a level 2 spell: Blink
  3354 | D:5      | Reached XP level 7. HP: 56/60 MP: 6/6
  3363 | D:5      | Reached skill level 5 in Fighting
  3411 | D:5      | Reached skill level 6 in Axes
  3813 | D:5      | Noticed Menkaure
  3831 | D:4      | Reached XP level 8. HP: 68/68 MP: 7/7
  4460 | D:4      | Reached skill level 7 in Axes
  4640 | D:5      | Found Lyocs's Armour Boutique.
  4687 | D:5      | Found Janwups's Distillery.
  4694 | D:5      | Killed Menkaure
  4974 | D:4      | Got a pitted war axe
  4975 | D:4      | Identified the +4 war axe of Qazlal's Hope {freeze, rF++
                  | MR+} (You found it on level 4 of the Dungeon)
  5686 | D:6      | Reached skill level 8 in Axes
  5698 | D:6      | Found a stormy altar of Qazlal.
  5913 | D:6      | Found a staircase to the Ecumenical Temple.
  6564 | D:8      | Found a staircase to the Lair.
  6570 | D:8      | Reached skill level 9 in Axes
  6570 | D:8      | Reached XP level 9. HP: 60/75 MP: 8/8
  6576 | D:8      | Noticed Psyche
  6593 | D:8      | Killed Psyche
  6631 | D:8      | Noticed Maurice
  6657 | D:8      | Killed Maurice
  6657 | D:8      | Reached skill level 10 in Axes
  6736 | D:8      | Reached skill level 1 in Stealth
  6755 | D:8      | Reached skill level 11 in Axes
  6929 | D:9      | Reached XP level 10. HP: 78/86 MP: 9/9
  6949 | D:9      | Found a staircase to the Orcish Mines.
  7039 | D:9      | Noticed a two-headed ogre
  7049 | D:9      | Killed a two-headed ogre
  7049 | D:9      | Reached skill level 12 in Axes
  7234 | D:9      | Reached skill level 1 in Evocations
  8126 | D:8      | Paralysed by a hornet for 3 turns
  8854 | Lair:1   | Entered Level 1 of the Lair of Beasts
  8854 | Lair:1   | Noticed a spiny frog
  8861 | D:8      | Killed a spiny frog
  8863 | D:8      | Reached skill level 13 in Axes
  8863 | D:8      | Reached XP level 11. HP: 47/95 MP: 10/10
  9075 | D:8      | Reached skill level 10 in Armour
  9080 | Lair:1   | Found a frozen archway.
  9211 | IceCv    | Entered an ice cave
  9211 | IceCv    | Noticed a white ugly thing
  9214 | IceCv    | Found a transporter.
  9223 | IceCv    | Noticed a white ugly thing
  9230 | Lair:1   | Slain by a white ugly thing

Skill      XL: |  1  2  3  4  5  6  7  8  9 10 11 |
---------------+----------------------------------+-----
Armour         | 4 5 6 8 9 10 | 10.0
Shields        | 4 5 6 7 8 9 |  9.1
Fighting       | 4 5 6 7 8 |  8.9
Axes           | 3 4 5 6 9 11 13 | 13.1
Dodging        | 1 |  1.5
Stealth        | 2 3 |  3.2
Evocations     | 1 |  1.2

Action                   |  1- 3 |  4- 6 |  7- 9 | 10-12 || total
-------------------------+-------+-------+-------+-------++-------
Melee: War axe           |    77 |   153 |   221 |   166 ||   617
       Headbutt          |    11 |    26 |    43 |    34 ||   114
Evoke: Wand              |       |       |     1 |     7 ||     8
  Use: Scroll            |       |     5 |     1 |     1 ||     7
       Potion            |       |     1 |     1 |     1 ||     3
 Stab: Invisible         |       |       |     3 |       ||     3
       Paralysed         |       |       |       |     6 ||     6
  Eat: Chunk             |       |     8 |     8 |     4 ||    20
       Ration            |       |       |     1 |     1 ||     2
Armor: Scale mail        |    11 |       |       |       ||    11
       Plate armour      |    59 |   106 |   106 |    86 ||   357
Dodge: Dodged            |    16 |    25 |    42 |    40 ||   123
Block: Shield            |    54 |    99 |   107 |    95 ||   355
